Map: Acropolis LE

Players

Spazymazy - Winner!

  • Race: Zerg Zerg
  • Spawn Location: 5:00

BraneloB

  • Race: Zerg Zerg
  • Spawn Location: 11:00

Event: 2019 WCS Summer

VOD

Have the link to the VOD?

Description

Time

  • Played on: July 12, 2019, 9:18 a.m.
  • Length: 24:21

All games in this series

Show
View Real Time Build Order
Export as new Build Order

Spazymazy Zerg - Winner!

Build Orders: Pool First 

Get SALT Encoding   

  12  0:00  Drone  
  13  0:12  Overlord  
  13  0:17  Drone  
  14  0:30  Drone x2  
  16  0:40  Spawning Pool  
  15  0:45  Drone  
  15  0:49  Drone  
  17  1:10  Hatchery  
  16  1:12  Drone  
  16  1:14  Extractor  
  16  1:27  Zergling x6  
  19  1:33  Queen  
  19  1:39  Overlord  
  21  1:50  Drone  
  22  2:03  Drone  
  23  2:09  Queen  
  25  2:16  Metabolic Boost  
  25  2:23  Drone x2  
  25  2:24  Drone  
  28  2:38  Overlord  
  28  2:40  Drone  
  28  2:44  Baneling Nest  
  26  2:46  Zergling x6  
  26  2:48  Zergling x2  
  30  2:53  Zergling x2  
  31  2:59  Zergling x2  
  31  3:03  Zergling x2  
  31  3:04  Queen  
  35  3:07  Zergling x2  
  35  3:12  Zergling x2  
  36  3:19  Zergling x2  
  38  3:20  Zergling x4  
  39  3:29  Zergling x6  
  39  3:33  Zergling x4  
  36  3:41  Zergling x2  
  33  3:47  Zergling x2  
  33  3:48  Baneling x3  
  31  3:51  Zergling x4  
  28  4:04  Queen  
  25  4:14  Zergling x4  
  25  4:18  Zergling x2  
  26  4:27  Baneling  
  26  4:28  Baneling  
  26  4:29  Zergling x2  
  26  4:35  Zergling x4  
  25  4:48  Drone x2  
  25  4:52  Zergling x2  
  27  5:01  Queen  
  27  5:04  Drone  
  30  5:07  Drone  
  31  5:17  Zergling x4  
  31  5:18  Zergling x2  
  34  5:22  Baneling x2  
  34  5:28  Overlord  
  34  5:32  Zergling x2  
  34  5:35  Zergling x2  
  32  5:47  Queen  
  32  5:50  Baneling  
  32  5:51  Baneling  
  32  5:52  Baneling  
  32  5:56  Zergling x2  
  33  6:01  Drone x2  
  35  6:05  Zergling x2  
  34  6:12  Drone x2  
  34  6:14  Zergling x2  
  34  6:17  Baneling  
  37  6:19  Baneling  
  37  6:24  Zergling x4  
  38  6:28  Drone  
  38  6:29  Drone  
  40  6:37  Zergling x6  
  43  6:40  Baneling x2  
  43  6:42  Drone  
  43  6:47  Overlord  
  43  6:54  Overlord  
  43  7:00  Drone  
  40  7:02  Zergling x6  
  40  7:06  Zergling x2  
  40  7:07  Zergling x2  
  45  7:09  Baneling x2  
  45  7:10  Baneling x2  
  41  7:27  Zergling x6  
  35  7:31  Zergling x2  
  34  7:41  Zergling x4  
  34  7:42  Zergling x2  
  35  7:47  Drone x2  
  35  7:49  Baneling  
  35  7:51  Baneling  
  36  7:55  Drone  
  37  8:01  Drone x2  
  37  8:02  Drone  
  37  8:05  Drone  
  41  8:07  Baneling  
  41  8:16  Zergling x6  
  44  8:26  Zergling x2  
  44  8:27  Zergling x6  
  43  8:33  Zergling x4  
  44  8:37  Baneling  
  43  8:45  Drone x2  
  39  8:59  Hatchery  
  38  9:05  Zergling x6  
  41  9:12  Zergling x6  
  41  9:13  Zergling x2  
  41  9:17  Evolution Chamber  
  39  9:18  Drone x2  
  39  9:20  Baneling x2  
  39  9:22  Drone  
  43  9:24  Drone  
  43  9:28  Drone  
  44  9:39  Drone x2  
  44  9:41  Extractor  
  44  9:45  Drone  
  44  9:52  Zergling x14  
  45  9:56  Zerg Ground Armor Level 1  
  45  10:03  Baneling x2  
  45  10:09  Overlord x2  
  45  10:13  Queen  
  47  10:20  Drone x3  
  50  10:23  Baneling  
  50  10:26  Zergling x6  
  53  10:34  Zergling x6  
  53  10:38  Zergling x4  
  53  10:39  Zergling x2  
  51  10:43  Drone  
  51  10:44  Drone  
  51  10:48  Zergling x6  
  55  10:58  Baneling x2  
  55  10:59  Baneling x2  
  55  11:02  Drone  
  55  11:03  Zergling x8  
  60  11:07  Zergling x6  
  60  11:11  Drone x2  
  61  11:25  Zergling x12  
  60  11:26  Zergling x4  
  60  11:30  Zergling x2  
  64  11:35  Zergling x4  
  64  11:37  Baneling x5  
  64  11:38  Baneling  
  66  11:41  Zergling x6  
  66  11:44  Zergling x4  
  66  11:45  Zergling x2  
  72  11:51  Baneling x4, Spine Crawler  
  72  11:52  Baneling x2  
  72  11:53  Baneling x2  
  71  11:54  Baneling  
  71  11:55  Baneling x2  
  71  11:56  Baneling  
  71  11:57  Baneling  
  71  12:03  Zergling x6  
  72  12:12  Zergling x4  
  72  12:13  Zergling x4  
  72  12:15  Baneling x4  
  68  12:16  Baneling  
  68  12:21  Spine Crawler  
  60  12:25  Zergling x2  
  60  12:26  Zergling x10  
  60  12:28  Zergling x4  
  65  12:31  Zergling x4  
  60  12:40  Zergling x2  
  60  12:41  Zergling x10  
  61  12:44  Zergling x4  
  58  12:55  Zerg Melee Weapons Level 1  
  54  12:59  Queen  
  54  13:00  Queen  
  54  13:03  Drone  
  54  13:04  Drone  
  60  13:06  Zergling x2  
  60  13:07  Zergling x2  
  62  13:13  Baneling x5  
  62  13:14  Baneling x2  
  62  13:16  Drone x2  
  62  13:19  Zergling x4  
  66  13:20  Zergling x2  
  66  13:26  Zergling x6  
  64  13:35  Zergling x4  
  64  13:38  Roach Warren  
  61  13:45  Zergling x2  
  61  13:46  Zergling x6  
  60  13:49  Zergling x2  
  60  13:50  Zergling x4  
  60  13:52  Extractor  
  62  13:55  Zergling x2  
  62  13:56  Zergling x4  
  62  13:58  Spine Crawler  
  62  14:00  Baneling, Spine Crawler  
  62  14:01  Baneling x7  
  62  14:02  Zergling x2  
  65  14:04  Baneling x2  
  65  14:05  Baneling  
  65  14:06  Baneling  
  65  14:07  Baneling  
  64  14:13  Baneling x2  
  64  14:18  Zergling x2  
  64  14:19  Zergling x4, Roach x2  
  64  14:20  Overlord  
  66  14:31  Extractor  
  66  14:35  Zergling x8  
  66  14:36  Overlord x2  
  69  14:44  Roach x3  
  75  14:49  Drone x3  
  75  14:52  Zerg Missile Weapons Level 1  
  78  14:53  Zergling x2  
  76  15:01  Roach x2  
  76  15:02  Zergling x6  
  78  15:17  Roach x2  
  78  15:18  Zergling x6  
  84  15:22  Zergling x6, Roach x2  
  84  15:27  Drone x2  
  92  15:35  Roach x3  
  98  15:39  Overlord  
  98  15:41  Extractor  
  98  15:42  Extractor  
  96  15:47  Baneling x5  
  95  15:51  Overlord x2  
  95  15:53  Drone x2  
  90  15:59  Roach x2  
  90  16:04  Roach x2  
  90  16:06  Roach  
  90  16:10  Roach  
  90  16:11  Zergling x2  
  93  16:14  Zergling x4  
  93  16:18  Zergling x2, Roach  
  93  16:25  Zergling x4  
  90  16:33  Roach  
  90  16:36  Roach x2  
  96  16:40  Zergling x6  
  96  16:45  Zergling x2  
  96  16:46  Zergling x4  
  98  16:49  Baneling x5  
  98  16:52  Lair  
  97  16:57  Zergling x4  
  97  17:00  Baneling x2  
  97  17:01  Baneling x3  
  99  17:20  Zergling x10  
  104  17:25  Extractor  
  102  17:32  Zergling x4, Roach x2  
  102  17:33  Zergling x2  
  103  17:38  Roach  
  103  17:39  Zergling x4, Roach  
  103  17:43  Roach  
  103  17:47  Zergling x4, Roach x2  
  90  17:54  Roach  
  78  17:59  Zergling x2  
  78  18:03  Zergling x2  
  69  18:11  Drone  
  63  18:15  Zergling x2  
  61  18:21  Zergling x4  
  63  18:30  Baneling x2  
  63  18:33  Ravager x3  
  67  18:34  Ravager  
  67  18:37  Drone  
  67  18:40  Baneling x2  
  68  18:44  Roach  
  68  18:46  Ravager  
  71  18:51  Zergling x4  
  71  18:55  Zergling x4  
  73  19:00  Zergling x2  
  73  19:02  Zergling x2  
  76  19:08  Zergling x4  
  78  19:10  Baneling  
  78  19:11  Baneling x2  
  78  19:15  Zergling x4  
  78  19:21  Zergling x2, Roach  
  77  19:25  Zergling x2  
  77  19:28  Zergling x2  
  77  19:29  Zergling x2  
  76  19:33  Baneling x2  
  76  19:34  Ravager x2  
  76  19:37  Zergling x2  
  79  19:41  Roach  
  80  19:47  Ravager x2  
  80  19:49  Zergling x2  
  80  19:50  Zergling x2  
  82  19:57  Roach x2  
  83  20:05  Roach x2  
  83  20:12  Roach x2  
  75  20:15  Roach  
  75  20:19  Roach  
  72  20:31  Roach x2  
  72  20:35  Zergling x2  
  58  20:39  Zergling x2  
  47  20:44  Zergling x2  
  41  20:55  Zergling x4  
  42  21:06  Zergling x4  
  43  21:23  Hatchery  
  40  21:29  Zergling x4  
  42  21:32  Zergling x2  
  42  21:37  Zergling x2  
  42  21:47  Ravager  
  42  21:48  Ravager  
  42  21:49  Zergling x4  
  42  21:52  Zergling x2  
  47  21:55  Drone  
  47  21:58  Drone  
  47  22:00  Zergling x2  
  48  22:10  Zergling x2  
  48  22:11  Zergling x2  
  47  22:17  Zergling x4  
  47  22:22  Zergling x2  
  50  22:28  Zergling x2  
  50  22:32  Roach  
  52  22:37  Zergling x4  
  52  22:41  Baneling x2  
  52  22:43  Zergling x2  
  54  22:48  Roach  
  54  22:49  Zergling x2  
  56  23:03  Drone, Extractor  
  58  23:10  Queen  
  59  23:13  Roach  
  61  23:20  Ravager  
  61  23:21  Roach  
  61  23:24  Zergling x8  
  66  23:29  Zergling x2, Roach  
  66  23:31  Baneling  
  69  23:34  Zergling x2  
  69  23:38  Zergling x2  
  71  23:41  Roach  
  71  23:43  Zergling x2  
  73  23:53  Zergling x2  
  74  24:02  Zergling x2, Roach  
Show
View Real Time Build Order
Export as new Build Order

BraneloB Zerg 

Build Orders: Pool First 

Get SALT Encoding   

  12  0:00  Drone  
  13  0:12  Overlord  
  13  0:18  Drone  
  14  0:31  Drone x2  
  14  0:35  Drone  
  17  0:45  Extractor  
  17  0:46  Drone  
  17  0:50  Spawning Pool  
  17  0:56  Drone  
  17  1:15  Hatchery  
  16  1:19  Drone  
  17  1:36  Queen  
  17  1:38  Zergling x4  
  21  1:41  Zergling x2  
  22  1:49  Metabolic Boost  
  22  1:54  Overlord  
  22  2:15  Zergling x4  
  24  2:19  Queen  
  26  2:26  Zergling x2  
  27  2:41  Zergling x6  
  29  2:44  Zergling x4  
  30  2:52  Zergling x2, Baneling Nest  
  30  2:53  Zergling x2  
  30  2:57  Zergling x2  
  32  3:01  Zergling x2  
  32  3:04  Zergling x2  
  34  3:06  Zergling x2  
  35  3:17  Overlord  
  34  3:31  Zergling x6  
  34  3:32  Zergling x4  
  35  3:40  Baneling x4  
  33  3:43  Zergling x2  
  33  3:44  Zergling x2  
  33  3:48  Baneling  
  33  3:53  Zergling x4  
  31  3:57  Zergling x2  
  29  4:05  Zergling x4  
  26  4:19  Zergling x4  
  27  4:27  Zergling x4  
  27  4:38  Zergling x2  
  28  4:40  Zergling x2  
  26  4:46  Zergling x2  
  26  4:47  Zergling x2  
  26  4:53  Queen  
  26  4:57  Zergling x2  
  28  5:01  Baneling  
  28  5:02  Baneling  
  28  5:04  Zergling x6  
  31  5:08  Zergling x2  
  31  5:09  Zergling x2  
  33  5:15  Baneling  
  33  5:18  Zergling x2  
  33  5:20  Baneling  
  34  5:21  Zergling x2  
  34  5:24  Zergling x2  
  36  5:32  Zergling x4  
  37  5:40  Drone x2  
  36  5:46  Drone  
  36  5:47  Drone  
  33  5:55  Overlord  
  33  6:00  Drone  
  33  6:02  Drone  
  35  6:11  Zergling x2  
  35  6:14  Overlord  
  35  6:16  Drone x2  
  38  6:21  Baneling x2  
  38  6:25  Drone  
  38  6:26  Drone  
  38  6:30  Drone x2  
  38  6:31  Drone  
  43  6:38  Baneling  
  43  6:39  Zergling x4  
  44  6:42  Drone x2  
  46  6:51  Baneling x5  
  46  6:53  Zergling x4  
  47  7:00  Drone x3  
  45  7:02  Zergling x2  
  45  7:08  Zergling x6  
  49  7:21  Overlord  
  48  7:25  Zergling x10  
  45  7:41  Baneling  
  45  7:42  Baneling x2  
  38  7:48  Queen  
  38  7:51  Baneling  
  38  8:01  Drone x3  
  41  8:06  Zergling x4  
  41  8:10  Hatchery  
  42  8:14  Zergling x6  
  43  8:30  Zergling x4  
  43  8:34  Baneling x3  
  39  8:46  Zergling x8  
  42  8:48  Baneling  
  42  8:53  Roach Warren  
  40  9:00  Drone x5  
  43  9:16  Extractor  
  40  9:17  Queen, Extractor  
  40  9:18  Drone x3  
  40  9:19  Evolution Chamber  
  40  9:23  Queen  
  45  9:25  Zergling x4  
  45  9:28  Drone  
  45  9:29  Drone x2  
  45  9:30  Drone  
  51  9:32  Drone  
  52  9:45  Baneling x2  
  52  9:50  Zergling x4  
  48  9:54  Zerg Missile Weapons Level 1  
  48  9:58  Roach x2  
  48  9:59  Zergling x6  
  54  10:02  Queen  
  54  10:05  Drone x3  
  59  10:16  Lair, Overlord  
  59  10:19  Zergling x2  
  59  10:20  Zergling x2  
  61  10:21  Baneling  
  61  10:22  Baneling x2  
  54  10:46  Roach x5  
  54  10:47  Roach  
  66  10:52  Roach x2  
  66  10:53  Zergling x4  
  68  10:57  Drone  
  68  10:58  Drone x4  
  73  11:09  Drone  
  73  11:11  Overlord x2  
  74  11:14  Glial Reconstitution  
  72  11:22  Baneling  
  71  11:26  Roach  
  71  11:30  Roach x2  
  71  11:31  Roach x4  
  85  11:36  Zergling x2, Overseer  
  85  11:37  Zergling x2  
  87  11:41  Zergling x4  
  87  11:48  Baneling  
  87  11:49  Baneling x2  
  87  11:50  Baneling  
  87  11:51  Zergling x4  
  89  11:55  Overlord  
  89  11:56  Overlord x2  
  89  12:13  Drone x4  
  89  12:14  Drone x5  
  77  12:17  Baneling x3  
  70  12:24  Roach x3  
  70  12:28  Zergling x4  
  77  12:30  Ravager  
  77  12:31  Ravager  
  66  12:45  Roach x3  
  70  12:53  Zergling x2  
  70  12:54  Zergling x10  
  70  12:55  Zergling x2  
  61  13:02  Drone x3  
  64  13:06  Roach  
  64  13:08  Roach  
  67  13:20  Roach x3  
  67  13:26  Roach x3  
  74  13:28  Zergling x6  
  74  13:32  Roach x2  
  81  13:35  Drone  
  81  13:36  Drone  
  81  13:41  Baneling  
  81  13:42  Zergling x2  
  81  13:43  Zergling x4  
  81  13:47  Drone  
  81  13:48  Drone x2  
  81  13:51  Roach  
  81  13:53  Roach  
  81  13:54  Zergling x2  
  86  14:00  Zergling x2  
  86  14:01  Zergling x6  
  90  14:03  Baneling  
  90  14:04  Baneling  
  90  14:08  Drone x2  
  90  14:09  Drone  
  93  14:20  Zergling x4  
  93  14:22  Baneling  
  93  14:23  Baneling x2  
  93  14:31  Zergling x8  
  93  14:32  Zergling x6  
  93  14:33  Drone x5  
  104  14:39  Zergling x8  
  104  14:45  Baneling  
  108  14:46  Baneling x5  
  108  14:52  Baneling x3  
  105  15:04  Roach  
  105  15:05  Roach x3  
  102  15:19  Drone x5  
  106  15:29  Extractor  
  106  15:30  Hatchery  
  106  15:31  Extractor  
  106  15:32  Extractor  
  106  15:34  Zerg Missile Weapons Level 2  
  106  15:35  Drone x3  
  105  15:36  Overlord  
  105  15:37  Overlord  
  94  15:59  Ravager  
  94  16:02  Zergling x10  
  99  16:06  Zergling x10  
  99  16:07  Zergling x12  
  110  16:13  Roach x2  
  110  16:14  Roach x3  
  118  16:21  Baneling x2  
  113  16:25  Roach x2  
  113  16:26  Baneling  
  113  16:27  Baneling x2  
  113  16:28  Baneling  
  98  16:33  Roach  
  98  16:36  Ravager x2  
  101  16:44  Ravager x3  
  104  16:50  Zergling x4  
  106  17:04  Zergling x6  
  106  17:05  Zergling x10  
  114  17:12  Ravager x2  
  114  17:13  Ravager x2  
  114  17:14  Zergling x4  
  120  17:20  Roach  
  114  17:48  Roach  
  114  17:49  Roach x4  
  114  17:50  Roach  
  114  17:51  Roach x4  
  115  17:52  Roach  
  115  17:58  Roach  
  113  18:01  Roach x2  
  113  18:02  Roach  
  103  18:10  Drone x3  
  98  18:18  Roach  
  94  18:21  Zergling x2  
  95  18:43  Zergling x8  
  95  18:46  Ravager x5  
  95  18:47  Ravager x2  
  107  18:48  Ravager  
  107  18:50  Baneling  
  107  18:52  Zergling x2  
  104  18:58  Zergling x2  
  104  18:59  Zergling x2  
  100  19:09  Baneling x3  
  98  19:11  Zergling x2  
  93  19:25  Roach x2  
  96  19:33  Ravager x3  
  96  19:34  Ravager  
  100  19:44  Roach  
  101  19:51  Baneling  
  99  20:02  Roach x2  
  99  20:11  Roach  
  89  20:15  Ravager  
  89  20:16  Roach  
  42  21:06  Roach  
  42  21:07  Roach  
  46  21:14  Roach  
  48  21:20  Roach  
  50  21:34  Roach x2  
  54  21:45  Ravager x3  
  54  21:46  Ravager  
  58  21:56  Roach  
  57  22:11  Roach x2  
  58  22:17  Roach  
  54  22:31  Roach  
  54  22:34  Roach  
  58  22:40  Roach  
  60  22:46  Ravager x2  
  60  22:48  Ravager  
  60  22:51  Ravager  
  64  22:52  Ravager  
  65  23:01  Ravager  
  65  23:05  Ravager  
  67  23:15  Roach x2  
  73  23:20  Roach  
  73  23:23  Zergling x2  
  73  23:36  Ravager  
  73  23:37  Ravager x2  
  73  23:41  Overseer  
  72  24:03  Zergling x12  
  72  24:04  Zergling x2  
Tags
 
Add a new tag
Caveats
  • Supply blocks, unpowered buildings, or Contaminate may cause inaccurate times.
  • Supply counts are checked every 10 seconds.